 Dungeon Crawl Stone Soup version 0.31.0-9-g3a7656b989 (webtiles) character file.

Game seed: 1218526377060658714

357 qw the Skirmisher (level 6, -3/35 HPs)
             Began as a Deep Elf Hunter on Feb 2, 2024.
             Slain by an orc warrior
             ... wielding a +0 mace
              (7 damage)
             ... on level 5 of the Dungeon.
             The game lasted 00:00:16 (3591 turns).

qw the Skirmisher (Deep Elf Hunter)                 Turns: 3591, Time: 00:00:16

Health: -3/35      AC:  9    Str: 10    XL:     6   Next: 36%
Magic:  8/8        EV: 11    Int: 14    God:
Gold:   118        SH:  0    Dex: 18    Spells: 5/5 levels left

rFire   . . .        a - +1 shortbow
rCold   . . .        (shield currently unavailable)
rNeg    + + .        f - +0 ring mail
rPois   .            c - +2 hat
rElec   .            k - +0 cloak of Instinct {rN++}
rCorr   .            (no gloves)
SInv    .            m - +0 pair of boots
Will    .....        (no amulet)
Stlth   +            (no ring)
HPRegen 0.25/turn    (no ring)
MPRegen 0.11/turn

%: no passive effects
@: no status effects
A: no striking features
a: no special abilities


You were on level 5 of the Dungeon.
You visited 2 branches of the dungeon, and saw 6 of its levels.

You collected 118 gold pieces.


   Skills:
 - Level 2.1 Fighting
 + Level 9.6 Ranged Weapons
 - Level 1.0 Armour
 - Level 2.4 Dodging
 - Level 1.2 Stealth


You had 5 spell levels left.
You didn't know any spells.
Your spell library was empty.

Inventory:

Hand Weapons
 a - a +1 shortbow (weapon)
Armour
 c - a +2 hat (worn)
 f - a +0 ring mail (worn)
 k - the +0 cloak of Instinct (worn) {rN++}
   (You acquired it on level 3 of the Dungeon)

   rN++:      It greatly protects you from negative energy.
 m - a +0 pair of boots (worn)
Potions
 d - a potion of curing
 e - a potion of ambrosia {unknown}
 g - a potion of might {unknown}
 h - a potion of berserk rage {unknown}
 i - a potion of haste {unknown}

Dungeon Overview and Level Annotations

Branches:
Dungeon (5/15)             Temple (1/1) D:4

Altars:
Ashenzari
Fedhas
Hepliaklqana
Kikubaaqudgha
Nemelex Xobeh
Qazlal
Ru
Sif Muna
Vehumet
Xom
Yredelemnul
The Shining One

Annotations:
D:2 1 runed translucent door, Crazy Yiuf


Message History

The arrow hits the orc wizard but does no damage.
The orc wizard is moderately wounded.
You shoot an arrow. The arrow hits the orc wizard.
The orc wizard is severely wounded.
You shoot an arrow.
The arrow barely misses the orc warrior.
You shoot an arrow. The arrow hits the orc warrior.
The orc warrior is moderately wounded.
The orc warrior hits you with a +0 mace.
You shoot an arrow. The arrow hits the orc warrior.
The orc warrior is heavily wounded.
The orc warrior hits you with a +0 mace.
An orc priest comes into view. It is wielding a +0 whip.
You shoot an arrow.
The arrow closely misses the orc warrior.
The arrow closely misses the orc wizard.
The orc warrior hits you but does no damage.
You shoot an arrow. The arrow hits the orc warrior.
The orc warrior is severely wounded.
An orc comes into view. It is wielding a +0 flail.
The orc warrior hits you with a +0 mace.
You shoot an arrow.
The arrow completely misses the orc warrior.
The arrow hits the orc wizard.
You kill the orc wizard!
The orc warrior completely misses you.
You shoot an arrow.
The arrow completely misses the orc warrior.
The arrow hits the orc but does no damage.
The orc warrior hits you with a +0 mace!
You shoot an arrow.
The arrow hits the orc warrior but does no damage.
The orc warrior is severely wounded.
The orc priest calls upon Beogh to heal the orc warrior.
The orc warrior is healed somewhat.
The orc warrior barely misses you.
The orc warrior hits you with a +0 mace!
You shoot an arrow. The arrow hits the orc warrior.
The orc warrior is severely wounded.
The orc warrior hits you with a +0 mace!
You die...

## . #.
.####.###
oo....oo#
..###.#o#
# #@# #.#
#.# #.#
#.# #.#
#.#
########.#
#.....##^#


You could see an orc warrior, an orc priest and an orc.

Vanquished Creatures
  A hound (D:5)
  A bombardier beetle (D:4)
  An orc priest (D:4)
  An iguana (D:4)
  3 orc wizards
  8 adders
  A white imp (D:4)
  2 dart slugs
  A ribbon worm (D:4)
  9 orcs
  9 endoplasms
  4 giant cockroaches
  8 hobgoblins
  3 jackals (D:3)
  9 kobolds
  11 ball pythons
  3 bats
  2 frilled lizards
  4 rats
81 creatures vanquished.

Notes
Turn   | Place    | Note
-------+----------+-------------------------------------------
     0 | D:1      | qw the Deep Elf Hunter began the quest for the Orb.
     0 | D:1      | Reached XP level 1. HP: 12/12 MP: 3/3
     0 | D:1      | 0 ||| qw: Version: 0.3-a-155-g5e7d8dd
     0 | D:1      | 0 ||| qw: Game counter: 2341
     0 | D:1      | 0 ||| qw: Melee chars always use a shield: true
     0 | D:1      | 0 ||| qw: God list: Okawaru
     0 | D:1      | 0 ||| qw: Allow faded altars: false
     0 | D:1      | 0 ||| qw: Do Orc after clearing Dungeon:15 true
     0 | D:1      | 0 ||| qw: Do second Lair branch before Depths: true
     0 | D:1      | 0 ||| qw: Lair rune preference: random
     0 | D:1      | 0 ||| qw: Goals: Normal
     0 | D:1      | 0 ||| PLANNING D:1-11
   183 | D:1      | Reached XP level 2. HP: 16/16 MP: 4/4
   220 | D:1      | Reached skill level 6 in Ranged Weapons
   846 | D:1      | 846 ||| UPGRADING to +0 ring mail.
   856 | D:1      | 856 ||| DROPPING +0 leather armour.
   857 | D:1      | 857 ||| READING scroll labelled VUKLAL ADGHUNAU.
   858 | D:1      | 858 ||| DROPPING scroll of butterflies.
   994 | D:2      | Reached XP level 3. HP: 20/20 MP: 5/5
  1019 | D:2      | 1019 ||| FLEEEEING.
  1029 | D:2      | HP: 5/20 [poisoned by an adder]
  1030 | D:2      | Reached skill level 7 in Ranged Weapons
  1031 | D:2      | HP: 2/20 [poisoned by an adder]
  1033 | D:2      | 1033 ||| FLEEEEING.
  1048 | D:2      | 1048 ||| FLEEEEING.
  1049 | D:2      | 1049 ||| FLEEEEING.
  1050 | D:2      | 1050 ||| FLEEEEING.
  1051 | D:2      | 1051 ||| FLEEEEING.
  1052 | D:2      | 1052 ||| FLEEEEING.
  1053 | D:2      | 1053 ||| FLEEEEING.
  1054 | D:2      | 1054 ||| FLEEEEING.
  1055 | D:2      | 1055 ||| FLEEEEING.
  1059 | D:2      | 1059 ||| FLEEEEING.
  1060 | D:2      | 1060 ||| FLEEEEING.
  1061 | D:2      | 1061 ||| FLEEEEING.
  1062 | D:2      | 1062 ||| FLEEEEING.
  1063 | D:2      | 1063 ||| FLEEEEING.
  1064 | D:2      | 1064 ||| FLEEEEING.
  1065 | D:2      | 1065 ||| FLEEEEING.
  1066 | D:2      | 1066 ||| FLEEEEING.
  1067 | D:2      | 1067 ||| FLEEEEING.
  1068 | D:2      | 1068 ||| FLEEEEING.
  1069 | D:2      | 1069 ||| FLEEEEING.
  1070 | D:2      | 1070 ||| FLEEEEING.
  1071 | D:2      | 1071 ||| FLEEEEING.
  1072 | D:2      | 1072 ||| FLEEEEING.
  1073 | D:2      | 1073 ||| FLEEEEING.
  1074 | D:2      | 1074 ||| FLEEEEING.
  1075 | D:2      | 1075 ||| FLEEEEING.
  1076 | D:2      | 1076 ||| FLEEEEING.
  1077 | D:2      | 1077 ||| FLEEEEING.
  1078 | D:2      | 1078 ||| FLEEEEING.
  1079 | D:2      | 1079 ||| FLEEEEING.
  1080 | D:2      | 1080 ||| FLEEEEING.
  1081 | D:2      | 1081 ||| FLEEEEING.
  1082 | D:2      | 1082 ||| FLEEEEING.
  1083 | D:2      | 1083 ||| FLEEEEING.
  1085 | D:2      | 1085 ||| FLEEEEING.
  1086 | D:2      | 1086 ||| STAIRDANCE
  1107 | D:1      | 1107 ||| READING scroll labelled TATTYU ZAYHUNT.
  1107 | D:1      | 1107 ||| IDENTIFYING fuming clear potion
  1464 | D:2      | Reached XP level 4. HP: 25/25 MP: 6/6
  1530 | D:2      | Found a runed translucent door.
  1531 | D:2      | Noticed Crazy Yiuf
  1670 | D:2      | 1670 ||| UPGRADING to +2 hat.
  1675 | D:2      | 1675 ||| READING scroll labelled JOOPI QENOHUEN.
  1676 | D:2      | 1676 ||| READING scroll labelled FOAV WITUFAT.
  1712 | D:2      | 1712 ||| READING scroll labelled SUVVASTR DEIKE.
  1741 | D:3      | 1741 ||| STAIRDANCE
  2095 | D:3      | Reached skill level 8 in Ranged Weapons
  2357 | D:3      | 2357 ||| UPGRADING to +0 pair of boots.
  2362 | D:3      | 2362 ||| READING scroll labelled ZIHENI EFETTEL.
  2463 | D:3      | 2463 ||| READING scroll labelled FOACUOV APNOATOTE.
  2463 | D:3      | Identified a scroll of acquirement
  2463 | D:3      | 2463 ||| ACQUIRING +0 cloak of Instinct {rN++}
  2463 | D:3      | Acquired the +0 cloak of Instinct {rN++}
  2465 | D:3      | 2465 ||| UPGRADING to +0 cloak of Instinct {rN++}.
  2470 | D:3      | 2470 ||| DRINKING 3 white potions.
  2471 | D:3      | 2471 ||| DRINKING 2 yellow potions.
  2472 | D:3      | 2472 ||| DROPPING 2 potions of brilliance.
  2492 | D:4      | 2492 ||| STAIRDANCE
  2493 | D:4      | 2493 ||| RETREEEEATING.
  2494 | D:4      | 2494 ||| RETREEEEATING.
  2495 | D:4      | 2495 ||| RETREEEEATING.
  2496 | D:4      | 2496 ||| DRINKING 3 potions of curing.
  2496 | D:4      | 2496 ||| (to cure confusion)
  2497 | D:4      | 2497 ||| RETREEEEATING.
  2510 | D:4      | Reached XP level 5. HP: 16/29 MP: 7/7
  2517 | D:4      | HP: 6/29 [orc wizard/puff of flame (8)]
  2518 | D:4      | 2518 ||| DRINKING potion of heal wounds.
  2520 | D:4      | 2520 ||| DRINKING 2 potions of curing.
  2520 | D:4      | 2520 ||| (to cure confusion)
  2585 | D:4      | HP: 7/29 [white imp (1)]
  2585 | D:4      | HP: 2/29 [white imp (5)]
  2758 | D:4      | Reached skill level 9 in Ranged Weapons
  2958 | D:4      | Found a staircase to the Ecumenical Temple.
  2959 | D:4      | 2959 ||| PLANNING TEMPLE
  2959 | D:4      | 2959 ||| READING scroll labelled HEAV VUCKI.
  2959 | D:4      | 2959 ||| ENCHANTING +0 shortbow.
  2960 | D:4      | 2960 ||| READING scroll labelled ZOJIEFITTI.
  2969 | Temple   | Entered the Ecumenical Temple
  2970 | Temple   | 2970 ||| PLANNING D:1-11
  2983 | D:4      | Reached XP level 6. HP: 30/35 MP: 8/8
  3111 | D:4      | Reached skill level 1 in Armour
  3461 | D:4      | 3461 ||| DROPPING +6 ring of intelligence.
  3462 | D:4      | 3462 ||| READING scroll labelled GAUCZY QYDEYS.
  3463 | D:4      | 3463 ||| DRINKING 2 murky inky potions.
  3493 | D:4      | 3493 ||| DROPPING potion of lignification.
  3512 | D:5      | Entered Level 5 of the Dungeon
  3574 | D:5      | Noticed an orc warrior
  3575 | D:5      | 3575 ||| FLEEEEING.
  3576 | D:5      | 3576 ||| FLEEEEING.
  3590 | D:5      | HP: 4/35 [orc warrior/+0 mace (10)]
  3591 | D:5      | Slain by an orc warrior

Levels and vault maps discovered:
D:1:      dpeg_arrival_lava_temple_mockup, layout_basic, serial_bayou_crossing
D:2:      layout_basic, minmay_split_cup_small, uniq_crazy_yiuf_cottage
D:3:      layout_basic, minivault_24, chequers_serial_rivers_micro_b
D:4:      layout_basic, minmay_temple_entry_statues_fountains
D:5:      layout_loops_ring, uniq_duvessa
Temple:   nicolae_temple_hex_pool

Skill      XL: |  1  2  3  4  5  6 |
---------------+-------------------+-----
Ranged Weapons | 6 7 8 9 |  9.6
Fighting       | 2 |  2.1
Armour         | 1 |  1.0
Dodging        | |  2.4
Stealth        | |  1.2

Action                     |  1- 3 |  4- 6 || total
---------------------------+-------+-------++-------
   Fire: Shortbow          |    96 |   189 ||   285
    Use: Scroll            |     2 |     8 ||    10
         Potion            |       |     6 ||     6
 Armour: Leather armour    |     5 |       ||     5
         Ring mail         |     7 |    97 ||   104
  Dodge: Dodged            |    16 |    93 ||   109

Table legend:
 A = Non-vault XP
 B = Vault XP
 C = Vault XP percentage of total XP
 D = Non-vault monster count
 E = Vault monster count
 F = Vault count percentage of total count
                 A         B        C        D         E       F
            +---------+---------+-------+---------+---------+-------
      Total |     494 |      16 |   3.1 |      78 |       3 |   3.7
            +---------+---------+-------+---------+---------+-------
        D:1 |      30 |       0 |   0.0 |      17 |       0 |   0.0
        D:2 |      61 |      16 |  20.8 |      17 |       3 |  15.0
        D:3 |      71 |       0 |   0.0 |      19 |       0 |   0.0
        D:4 |     239 |       0 |   0.0 |      22 |       0 |   0.0
        D:5 |      93 |       0 |   0.0 |       3 |       0 |   0.0
            +---------+---------+-------+---------+---------+-------
